 Dungeon Crawl Stone Soup version 0.23-a0-622-g59b4ea9 (webtiles) character file.

445 tatocazan the Slasher (level 7, -1/48 HPs)
             Began as an Octopode Fighter on Dec 23, 2018.
             Slain by a worker ant (2 damage)
             ... on level 5 of the Dungeon.
             The game lasted 00:05:35 (5217 turns).

tatocazan the Slasher (Octopode Fighter)            Turns: 5217, Time: 00:05:35

Health: -1/48      AC:  1    Str: 17    XL:     7   Next: 3%
Magic:  7/7        EV: 12    Int: 10    God:
Gold:   271        SH:  9    Dex: 12    Spells: 6/6 levels left

rFire    . . .     SeeInvis .   a - +0 long sword
rCold    . . .     Gourm    .   b - +0 shield
rNeg     . . .     Faith    .   (helmet restricted)
rPois    .         Spirit   .   (no amulet)
rElec    .         Reflect  .   (no ring)
rCorr    .         Harm     .   (no ring)
MR       .....                  (no ring)
Stlth    +++.......             (no ring)
HPRegen  0.16/turn              (no ring)
MPRegen  0.10/turn              (no ring)
                                (no ring)
                                (no ring)

@: lethally poisoned (-1 -> -8)
A: almost no armour, stealthy swim, amphibious, 8 rings, constrict 8, camouflage
1, gelatinous body 1
a: no special abilities


You were on level 5 of the Dungeon.
You were not hungry.

You visited 1 branch of the dungeon, and saw 5 of its levels.

You collected 271 gold pieces.

Inventory:

Hand Weapons
 a - a +0 long sword (weapon)
Missiles
 j - 8 javelins (quivered)
Armour
 b - a +0 shield (worn)
Scrolls
 h - 4 scrolls of identify {unknown}
 i - 5 scrolls of teleportation {unknown}
 k - a scroll of blinking {unknown}
 l - a scroll of amnesia {unknown}
 o - 2 scrolls of fog {unknown}
Potions
 c - a potion of might
 e - 2 potions of flight {unknown}
 f - a potion of curing {unknown}
 g - a potion of ambrosia {unknown}
 m - a potion of resistance {unknown}
 n - 2 potions of heal wounds {unknown}
 p - a potion of agility {unknown}
Comestibles
 d - 6 rations


   Skills:
 + Level 4.1 Fighting
 * Level 4.3 Long Blades
 + Level 4.2 Dodging
 + Level 3.4 Stealth
 + Level 4.2 Shields


You had 6 spell levels left.
You didn't know any spells.
Your spell library contained the following spells:

 Spells                   Type           Power        Failure   Level  Hunger
 Beastly Appendage        Tmut           #.....       83%         1    ##.....
 Sticks to Snakes         Tmut           #.......     93%         2    ###....
 Spider Form              Tmut/Pois      #.........   99%         3    ####...
 Ice Form                 Ice/Tmut       #.......     100%        4    #####..
 Blade Hands              Tmut           #.........   100%        5    ######.


Dungeon Overview and Level Annotations

Branches:
Dungeon (5/15)
 Temple: D:4-7

Altars:
Fedhas
Makhleb


Innate Abilities, Weirdness & Mutations

You cannot wear most types of armour.
You are very stealthy in the water. (Stealth+)
You are amphibious.
You can wear up to eight rings at the same time.
You can use your tentacles to constrict eight enemies at once.
Your skin changes colour to match your surroundings (Stealth+).
Your rubbery body absorbs attacks. (AC +1, EV +1)


Message History

* * * LOW HITPOINT WARNING * * *
You feel sick.
* * * LOW HITPOINT WARNING * * *
You feel sick.
You take 1 damage, and have 11/48 hp.
* * * LOW HITPOINT WARNING * * *
You feel sick.
You take 1 damage, and have 10/48 hp.
* * * LOW HITPOINT WARNING * * *
You feel sick.
You take 1 damage, and have 9/48 hp.
* * * LOW HITPOINT WARNING * * *
You feel sick.
You take 1 damage, and have 8/48 hp.
You barely miss the worker ant. Your grab misses the worker ant.
* * * LOW HITPOINT WARNING * * *
You feel sick. The worker ant bites you.
* * * LOW HITPOINT WARNING * * *
The worker ant bites you.
You die...

###.##...#.####.##...#
.........)..........##
#.........###.......##
#........[)##.....#..###
..##...###.#...#.###...# ...
##...##[#[###......## #...#
#.###.....[<.##..##.###
.......##.....#.##.####..##...##
...........##.#a@...# #..##....##
.........####......####.##..##..#
#........#.....#...##.#.........#
..............>#.........<>......
.......#...............#.........
#...##.............####....#...
#......#..........## #.........
#........#......... ##.....<.#
...#)............... #....#...#


You could see a worker ant.

Vanquished Creatures
  An ogre (D:5)
  An orc priest (D:5)
  4 orc wizards
  Jessica (D:2)
  3 gnolls (D:4)
  5 adders
  An adder skeleton (D:5)
  3 worms
  2 leopard geckos
  13 orcs
  3 giant cockroaches
  8 goblins
  8 hobgoblins
  9 jackals
  A quokka (D:2)
  4 bats
  11 frilled lizards
  9 kobolds
  9 rats
96 creatures vanquished.

Notes
Turn   | Place    | Note
-------+----------+-------------------------------------------
     0 | D:1      | tatocazan the Octopode Fighter began the quest for the Orb.
     0 | D:1      | Reached XP level 1. HP: 16/16 MP: 1/1
    85 | D:1      | Reached XP level 2. HP: 18/21 MP: 2/2
   704 | D:1      | Reached XP level 3. HP: 24/26 MP: 3/3
   948 | D:2      | Found a burning altar of Makhleb.
  1128 | D:2      | Found a blossoming altar of Fedhas.
  1158 | D:2      | Noticed Jessica
  1167 | D:2      | Killed Jessica
  1167 | D:2      | Reached skill level 1 in Stealth
  1167 | D:2      | Reached XP level 4. HP: 30/31 MP: 4/4
  1931 | D:3      | Reached XP level 5. HP: 36/36 MP: 5/5
  3207 | D:4      | Noticed an ogre
  3768 | D:5      | Entered Level 5 of the Dungeon
  4244 | D:4      | Reached XP level 6. HP: 43/43 MP: 6/6
  5197 | D:5      | Reached XP level 7. HP: 39/48 MP: 7/7
  5217 | D:5      | HP: 1/48 [worker ant (6)]
  5217 | D:5      | Slain by a worker ant

Vault maps used:
D:1:      lightli_arrival_isolated_outpost
D:2:      overflow_temple_1_default, fedhas_ov_isle_minmay, minmay_nonomino_d4,
          uniq_jessica
D:4:      first_ration
D:5:      minmay_temple_entry_wispy, uniq_sigmund

Skill      XL: |  1  2  3  4  5  6 |
---------------+-------------------+-----
Stealth        | 1 2 3 |  3.4
Long Blades    | 3 4 |  4.3
Dodging        | 4 |  4.2
Shields        | 4 |  4.2
Fighting       | 4 |  4.1

Action                   |  1- 3 |  4- 6 |  7- 9 || total
-------------------------+-------+-------+-------++-------
Melee: Long sword        |    67 |   110 |     4 ||   181
       Constrict         |    28 |    34 |     1 ||    63
       Tentacles         |    15 |    27 |       ||    42
 Stab: Sleeping          |     3 |     4 |       ||     7
  Eat: Chunk             |     1 |     6 |       ||     7
       Ration            |       |     2 |       ||     2
Armor: Skin              |    10 |     2 |     1 ||    13
Dodge: Dodged            |    37 |    53 |       ||    90
Block: Shield            |    33 |    53 |       ||    86
       Rpst.: Long sword |     9 |    15 |       ||    24

Table legend:
 A = Non-vault XP
 B = Vault XP
 C = Vault XP percentage of total XP
 D = Non-vault monster count
 E = Vault monster count
 F = Vault count percentage of total count
                 A         B        C        D         E       F
            +---------+---------+-------+---------+---------+-------
      Total |     593 |      44 |   6.9 |      91 |       5 |   5.2
            +---------+---------+-------+---------+---------+-------
        D:1 |      41 |       0 |   0.0 |      27 |       0 |   0.0
        D:2 |      38 |      44 |  53.7 |      15 |       5 |  25.0
        D:3 |      65 |       0 |   0.0 |      21 |       0 |   0.0
        D:4 |     172 |       0 |   0.0 |      16 |       0 |   0.0
        D:5 |     277 |       0 |   0.0 |      12 |       0 |   0.0
            +---------+---------+-------+---------+---------+-------
